 Dungeon Crawl Stone Soup version 0.31-a0-1066-g35875b34c7 (webtiles) character file.

Game seed: 926113014983469355

3452 Maratek the Fighter (level 9, -8/74 HPs)
             Began as a Minotaur Fighter on Nov 22, 2023.
             Was a Believer of Qazlal.
             Mangled by a two-headed ogre
             ... wielding a +0 giant spiked club
              (32 damage)
             ... on level 7 of the Dungeon.
             The game lasted 00:12:19 (7285 turns).

Maratek the Fighter (Minotaur Fighter)              Turns: 7285, Time: 00:12:19

Health: -8/74      AC:  9    Str: 24    XL:     9   Next: 78%
Magic:  8/8        EV: 10    Int:  5    God:    Qazlal [**....]
Gold:   369        SH:  9    Dex: 11    Spells: 8/8 levels left

rFire   . . .        a - +2 war axe
rCold   . . .        c - +0 buckler
rNeg    . . .        b - +0 scale mail
rPois   .            (helmet restricted)
rElec   .            (no cloak)
rCorr   .            p - +0 pair of gloves
SInv    .            (no boots)
Will    .....        m - amulet of regeneration Stlth
                     (no ring)
HPRegen 1.12/turn    (no ring)
MPRegen 0.11/turn

%: random rage (3%)
@: no status effects
A: horns 2, retaliatory headbutt, berserk 1, frail 1, sturdy frame 1
a: Renounce Religion, Upheaval


You were on level 7 of the Dungeon.
You worshipped Qazlal.
Qazlal was pleased with you.
You visited 1 branch of the dungeon, and saw 7 of its levels.
You also visited: Bailey.

You collected 414 gold pieces.
You spent 45 gold pieces at shops.

Inventory:

Hand Weapons
 a - a +2 war axe (weapon)
Missiles
 f - 4 throwing nets
Armour
 b - a +0 scale mail (worn)
 c - a +0 buckler (worn)
 p - a +0 pair of gloves (worn)
Jewellery
 g - a ring of fire
 j - an amulet of reflection
 m - an amulet of regeneration (around neck)
Scrolls
 d - a scroll of identify
 e - 4 scrolls of amnesia
 h - 3 scrolls of revelation
 i - 3 scrolls of teleportation
 k - 4 scrolls of fog
 l - a scroll of blinking
 q - 2 scrolls of fear
 u - a scroll of silence
Potions
 n - 2 potions of cancellation
 o - a potion of attraction
 r - a potion of heal wounds
 t - 2 potions of haste


   Skills:
 + Level 9.2 Fighting
 + Level 8.7 Axes
 + Level 9.1 Armour
 + Level 9.1 Shields


You had 8 spell levels left.
You didn't know any spells.
Your spell library contained the following spells:

 Spells                   Type           Power      Damage    Failure   Level
 Lesser Beckoning         Tloc           0%         N/A       83%         2
 Wereblood                Tmut           0%         N/A       83%         2
 Gell's Gravitas          Tloc           0%         N/A       96%         3
 Teleport Other           Tloc           0%         N/A       96%         3
 Tukima's Dance           Hex            0%         N/A       96%         3
 Brom's Barrelling Bould  Conj/Erth      0%         2d3       100%        4
 Dimensional Bullseye     Hex/Tloc       0%         N/A       100%        4
 Iskenderun's Mystic Bla  Conj/Tloc      0%         2d3       100%        4
 Fireball                 Conj/Fire      0%         3d3       100%        5
 Irradiate                Conj/Tmut      0%         3d11      100%        5
 Iskenderun's Battlesphe  Conj           0%         2d6       100%        5
 Conjure Ball Lightning   Conj/Air       0%         3x3d6     100%        6
 Orb of Destruction       Conj           0%         9d5       100%        7


Dungeon Overview and Level Annotations

Branches:
Dungeon (7/15)             Temple (0/1) D:5          Bailey (visited)

Altars:
Ashenzari
Gozag
Nemelex Xobeh
Qazlal
Uskayaw

Shops:
D:2 *   D:6 *   D:7 !*!

Annotations:
D:6 Jeremiah


Innate Abilities, Weirdness & Mutations

You have a pair of horns on your head.
You reflexively headbutt those who attack you in melee.
You sometimes lose your temper in combat.
You are frail. (-10% HP)
Your movements are slightly less encumbered by armour. (ER -2)


Message History

You hit the two-headed ogre.
You headbutt the two-headed ogre, but do no damage.
The two-headed ogre is lightly wounded.
The two-headed ogre hits you with a +0 giant spiked club.
The two-headed ogre closely misses you.
You hit the two-headed ogre.
The two-headed ogre is lightly wounded.
The two-headed ogre hits you with a +0 giant spiked club!!
The two-headed ogre misses you.
You slash the two-headed ogre!
Your headbutt misses the two-headed ogre.
The two-headed ogre is moderately wounded.
You barely miss the two-headed ogre.
The two-headed ogre is moderately wounded.
The two-headed ogre hits you with a +0 giant spiked club!!
* * * LOW HITPOINT WARNING * * *
You block the two-headed ogre's attack.
You are too injured to fight recklessly!
You are too injured to fight recklessly!
You are too injured to fight recklessly!
You are too injured to fight recklessly!
You are too injured to fight recklessly!
You are too injured to fight recklessly!
You are too injured to fight recklessly!
You are too injured to fight recklessly!
You are too injured to fight recklessly!
You are too injured to fight recklessly!
You are too injured to fight recklessly!
You are too injured to fight recklessly!
You are too injured to fight recklessly!
You are too injured to fight recklessly!
You are too injured to fight recklessly!
You are too injured to fight recklessly!
You are too injured to fight recklessly!
You are too injured to fight recklessly!
You are too injured to fight recklessly!
You slash the two-headed ogre! You headbutt the two-headed ogre!
The two-headed ogre is severely wounded.
The two-headed ogre hits you with a +0 giant spiked club!!
You die...

#....# #.... ####.#
#.... #.# #.... #.#
#.... #.# #....
#######.######. ####
#.... ...............
..... #....
#.#####.##########......
#....
<............)..@O......
#....
#.#####...########......
##### ..........# .....
#.#####.∩.##### ....
..............# ...
###.##.##.###.# ..
#...........#.# .
#.#.##.#..#.#.#
#.#.........#.#


You could see a two-headed ogre.

Vanquished Creatures
  An orc knight (Bailey)
  Grinder (D:5)
  Eustachio (D:6)
  4 vampire mosquitoes (D:7)
  A steam dragon (D:7)
  An ice beast (D:7)
  2 water moccasins
  A sky beast (D:6)
  4 orc warriors (Bailey)
  An ogre (D:5)
  A centaur (D:7)
  A phantom (D:7)
  3 scorpions
  6 hounds
  3 gnoll boudas
  4 iguanas
  An orc wizard (D:7)
  32 gnolls
  10 adders
  A white imp (D:7)
  2 ufetubi (D:5)
  A worm (D:2)
  A dart slug (D:4)
  28 orcs
  7 bats
  8 endoplasms
  5 giant cockroaches
  19 goblins
  12 hobgoblins
  2 jackals (D:3)
  10 ball pythons
  2 frilled lizards
  5 kobolds
  3 rats
184 creatures vanquished.

Vanquished Creatures (others)
  An orc wizard (D:6)
  An orc (D:6)
2 creatures vanquished.

Grand Total: 186 creatures vanquished

Notes
Turn   | Place    | Note
-------+----------+-------------------------------------------
     0 | D:1      | Maratek the Minotaur Fighter began the quest for the Orb.
     0 | D:1      | Reached XP level 1. HP: 19/19 MP: 0/0
    52 | D:1      | Reached XP level 2. HP: 27/27 MP: 1/1
   705 | D:2      | Reached XP level 3. HP: 32/33 MP: 2/2
  1076 | D:2      | Found a transporter.
  1079 | D:2      | Found Igycoon's Assorted Antiques.
  1097 | D:2      | Reached XP level 4. HP: 41/41 MP: 3/3
  1294 | D:2      | Found a transporter.
  1475 | D:2      | Identified the +0 helmet of the Heavens {rPois rF+ Int-4}
  1912 | D:3      | Reached XP level 5. HP: 47/47 MP: 4/4
  2409 | D:4      | Reached skill level 5 in Fighting
  2507 | D:4      | Reached skill level 5 in Shields
  2510 | D:4      | Reached skill level 5 in Armour
  2685 | D:4      | Reached XP level 6. HP: 54/56 MP: 5/5
  2798 | D:4      | Found a broken altar of Ashenzari.
  2799 | D:4      | Found an opulent altar of Gozag.
  2799 | D:4      | Found a stormy altar of Qazlal.
  2800 | D:4      | Found a sparkling altar of Nemelex Xobeh.
  2821 | D:4      | Became a worshipper of Qazlal Stormbringer
  3192 | D:5      | Entered Level 5 of the Dungeon
  3279 | D:5      | Found a staircase to the Ecumenical Temple.
  3534 | D:5      | Noticed Grinder
  3536 | D:5      | Paralysed by Grinder for 4 turns
  3543 | D:5      | Paralysed by Grinder for 4 turns
  3553 | D:5      | Killed Grinder
  3554 | D:5      | Reached skill level 5 in Axes
  3554 | D:5      | Reached XP level 7. HP: 30/63 MP: 6/6
  3856 | D:5      | Identified the +0 orcbow of an ossuary {elec, rF+ rCorr
                  | Int-2}
  4648 | D:6      | Noticed Eustachio
  4676 | D:6      | Killed Eustachio
  4677 | D:6      | Reached XP level 8. HP: 58/71 MP: 7/7
  5059 | D:6      | Found Tytzept's Assorted Antiques.
  5346 | D:6      | Reached * piety under Qazlal
  5462 | D:6      | Noticed Jeremiah
  5644 | D:7      | Gained mutation: You sometimes lose your temper in combat.
                  | [potion of mutation]
  5644 | D:7      | Gained mutation: You are frail. (-10% HP) [potion of
                  | mutation]
  5644 | D:7      | Gained mutation: Your movements are slightly less
                  | encumbered by armour. (ER -2) [potion of mutation]
  5655 | D:7      | HP: 2/99 [vampire mosquito (7)]
  5657 | D:7      | Reached XP level 9. HP: 3/72 MP: 8/8
  5884 | D:7      | Found a flagged portal.
  5891 | D:7      | Noticed a +0 spear
  5891 | D:7      | Noticed a +0 dagger
  5892 | D:7      | Noticed a +0 short sword
  5892 | D:7      | Noticed a +0 short sword
  5893 | D:7      | Noticed a +0 dagger
  5894 | D:7      | Noticed a +0 falchion
  5894 | D:7      | Noticed a +0 spear
  5896 | D:7      | Noticed a +0 falchion
  5995 | D:7      | Found a hide-covered altar of Uskayaw.
  6198 | D:7      | Found Hoajym's General Store.
  6206 | D:7      | Bought a +0 pair of gloves for 45 gold pieces
  6258 | Bailey   | Entered a bailey
  6413 | Bailey   | Noticed an orc knight
  6425 | Bailey   | Killed an orc knight
  6464 | Bailey   | Reached ** piety under Qazlal
  6756 | D:7      | Found Mohoor's Distillery.
  7173 | D:7      | Found Weurr's Distillery.
  7275 | D:7      | Noticed a two-headed ogre
  7285 | D:7      | Mangled by a two-headed ogre

Illustrated notes

Levels and vault maps discovered:
D:1:      spicycebolla_arrival_clurvy, layout_loops_cross
D:2:      layout_loops_corners, serial_shops, nicolae_shop_drivethru,
          minmay_misc_feat_secret_circle
D:3:      layout_loops_ring
D:4:      layout_cave_pools, chequers_temple_overflow_statue_of_worship
D:5:      minmay_angry_zag, layout_basic, minmay_temple_entry_overgrown,
          uniq_grinder
D:6:      layout_loops_cross, serial_shops, nicolae_shop_dealshenge,
          kennysheep_windowed_goal, uniq_eustachio, uniq_blork_the_orc,
          uniq_jeremiah
D:7:      layout_basic, nicolae_uskayaw_en_pointe, enter_bailey_2, serial_shops,
          nicolae_shop_industrial_runoff, shop, shop, shop, grunt_ministairs_13

Skill      XL: |  1  2  3  4  5  6  7  8  9 |
---------------+----------------------------+-----
Shields        | 4 5 6 7 9 |  9.1
Fighting       | 4 5 6 8 9 |  9.2
Armour         | 4 5 6 7 9 |  9.1
Axes           | 3 4 5 6 7 8 |  8.7

Action                     |  1- 3 |  4- 6 |  7- 9 || total
---------------------------+-------+-------+-------++-------
  Melee: War axe           |    75 |   133 |   232 ||   440
         Headbutt          |     7 |    23 |    37 ||    67
  Evoke: Wand              |       |       |     3 ||     3
    Use: Scroll            |     5 |     5 |     5 ||    15
         Potion            |       |     2 |     9 ||    11
 Armour: Scale mail        |    40 |    82 |   227 ||   349
  Dodge: Dodged            |    22 |    46 |   113 ||   181
  Block: Buckler           |    36 |    81 |   195 ||   312
         Reflection        |       |     2 |     4 ||     6

Table legend: (Time is in decaauts)
 A = Elapsed time spent in this place.
 B = Non-inter-level travel time spent in this place.
 C = Inter-level travel time spent in this place.
 D = Time resting spent in this place.
 E = Time spent auto-exploring this place.
 F = Levels seen in this place.
 G = Mean time per level.
                   A        B        C        D        E       F      G
               +--------+--------+--------+--------+--------+-----+--------+
         Total |   7416 |   7106 |    310 |    886 |   5020 |   8 |  927.0 |
       Dungeon |   6935 |   6625 |    310 |    727 |   4835 |   7 |  990.7 |
        Bailey |    480 |    480 |      0 |    159 |    185 |   1 |  480.0 |
               +--------+--------+--------+--------+--------+-----+--------+

Top non-repeatable levels by time:
     D:5: 1355 daAuts
     D:7: 1307 daAuts
     D:2: 1107 daAuts
     D:6: 909 daAuts
     D:4: 839 daAuts
     D:1: 718 daAuts
     D:3: 698 daAuts
  Bailey: 480 daAuts
